 Dungeon Crawl Stone Soup version 0.29-a0-617-g7a6b98fccd (webtiles) character file.

Game seed: 15493541697023839605

2 Kaemin the Insei (level 1, 0/13 HPs)
             Began as an Octopode Transmuter on June 18, 2022.
             Slain by a goblin
             ... wielding a +0 dagger
              (4 damage)
             ... on level 1 of the Dungeon.
             The game lasted 00:01:01 (132 turns).

Kaemin the Insei (Octopode Transmuter)               Turns: 132, Time: 00:01:02

Health: 0/13       AC:  1    Str:  9    XL:     1   Next: 40%
Magic:  3/3        EV: 13    Int: 15    God:
Gold:   20         SH:  0    Dex: 12    Spells: 3/4 levels left

rFire   . . .      SeeInvis .   b - +2 hand axe (freeze)
rCold   . . .      Faith    .   (no shield)
rNeg    . . .      Spirit   .   (helmet restricted)
rPois   .          Reflect  .   (no amulet)
rElec   .          Harm     .   (no ring)
rCorr   .          Rampage  .   (no ring)
Will    .....                   (no ring)
Stlth   ++........              (no ring)
HPRegen 0.04/turn               (no ring)
MPRegen 0.08/turn               (no ring)
                                (no ring)
                                (no ring)

@: no status effects
A: almost no armour, amphibious, 8 rings, camouflage 1, gelatinous body 1,
(nimble swimmer 1), tentacles
a: no special abilities


You were on level 1 of the Dungeon.
You visited 1 branch of the dungeon, and saw 1 of its levels.

You collected 20 gold pieces.

Inventory:

Hand Weapons
 b - a +2 hand axe of freezing (weapon)
Scrolls
 d - a scroll of brand weapon {unknown}
Potions
 a - a potion of lignification
 c - a potion of degeneration {unknown}


   Skills:
 + Level 1.0 Fighting
 + Level 0.4 Axes
 + Level 2.0 Dodging
 + Level 3.1 Unarmed Combat
 + Level 2.0 Spellcasting
 + Level 2.0 Transmutations


You had 3 spell levels left.
You knew the following spells:

 Your Spells              Type           Power      Damage    Failure   Level
a - Beastly Appendage     Tmut           14%        N/A       10%         1

Your spell library contained the following spells:

 Spells                   Type           Power      Damage    Failure   Level
 Wereblood                Tmut           7%         N/A       14%         2
 Spider Form              Tmut/Pois      4%         N/A       41%         3
 Ice Form                 Ice/Tmut       4%         N/A       82%         4


Dungeon Overview and Level Annotations

Branches:
Dungeon (1/15)

Altars:


Innate Abilities, Weirdness & Mutations

You cannot wear most types of armour.
You are amphibious.
You can wear up to eight rings at the same time.
Your skin changes colour to match your surroundings (Stealth+).
Your rubbery body absorbs attacks. (AC +1, EV +1)
((You are camouflaged when in or above water. (Stealth+)))
You have tentacles for arms and can constrict up to eight enemies at once.


Message History

The hobgoblin barely misses you.
You hit the hobgoblin. You freeze the hobgoblin.
You kill the hobgoblin!
No target in view!
A goblin comes into view. It is wielding a +0 dagger.
A goblin is nearby!
The goblin shouts!
You hear a shout!
A goblin comes into view. It is wielding a +0 dagger.
Found 15 gold pieces.
Found a stone staircase leading down.
You closely miss the goblin. Your grab misses the goblin.
Your squeeze misses the goblin. The goblin closely misses you.
A frilled lizard comes into view.
The goblin misses you.
You closely miss the goblin.
The frilled lizard hisses angrily.
Your grab misses the goblin. Your squeeze misses the goblin.
You hit the goblin. You freeze the goblin.
The goblin hits you with a +0 dagger. x2
You closely miss the goblin. Your grab misses the goblin.
The goblin is heavily wounded.
You hit the goblin. You freeze the goblin. The goblin closely misses you.
The goblin hits you with a +0 dagger.
You are too injured to fight recklessly!
You are too injured to fight recklessly!
You are too injured to fight recklessly!
You are too injured to fight recklessly!
You are too injured to fight recklessly!
Casting: Beastly Appendage (safe; 10% risk of failure)
Confirm with . or Enter, or press ? or * to list all spells.
You don't know that spell.
Unknown command.
You barely miss the goblin. You grab the goblin.
The goblin is heavily wounded.
You barely miss the goblin. You constrict the goblin.
The goblin hits you but does no damage. The goblin hits you with a +0 dagger.
You slash the goblin! You freeze the goblin.
You kill the goblin!
You closely miss the goblin. The goblin hits you with a +0 dagger.
You die...

#.# #.
#.......#####.# #.
#.......#.....######.
#....$..#.####.......
##+#.......# #.#####.
...........# #.# #...
...........# #.# #.##
...........######.#
#.#
.....l)@..........#
#†##
....##g.###########
#... . ...... #.##
##.....# #.# #.....#
#.# +....># #.#
#..$..# #.# #.....#
##.## #####...#


You could see a goblin and a frilled lizard.

Vanquished Creatures
  A giant cockroach (D:1)
  A goblin (D:1)
  A hobgoblin (D:1)
3 creatures vanquished.

Notes
Turn   | Place    | Note
-------+----------+-------------------------------------------
     0 | D:1      | Kaemin the Octopode Transmuter began the quest for the Orb.
     0 | D:1      | Reached XP level 1. HP: 13/13 MP: 3/3
   132 | D:1      | Slain by a goblin

Illustrated notes

Levels and vault maps discovered:
D:1:      dpeg_arrival_court, layout_basic,
          shapermc_ecumenical_altar_totnotflames, minmay_liquid_box

Action                   || total
-------------------------++-------
Melee: Hand axe          ||     9
       Constrict         ||     1
 Cast: Beastly Appendage ||     2
 Stab: Sleeping          ||     1
Armor: Skin              ||     1
Dodge: Dodged            ||     5

Table legend: (Time is in decaauts)
 A = Elapsed time spent in this place.
 B = Non-inter-level travel time spent in this place.
 C = Inter-level travel time spent in this place.
 D = Time resting spent in this place.
 E = Time spent auto-exploring this place.
 F = Levels seen in this place.
 G = Mean time per level.
                   A        B        C        D        E       F      G
               +--------+--------+--------+--------+--------+-----+--------+
         Total |    133 |    126 |      7 |      0 |     96 |   1 |  133.0 |
       Dungeon |    133 |    126 |      7 |      0 |     96 |   1 |  133.0 |
               +--------+--------+--------+--------+--------+-----+--------+

Top non-repeatable levels by time:
     D:1: 133 daAuts
